 Dungeon Crawl Stone Soup version 0.31-a0-486-g8d68a81214 (webtiles) character file.

Game seed: 15864045091189247627

27585 LeprechaunX the Grappler (level 13, -4/86 HPs)
             Began as an Octopode Shapeshifter on Aug 7, 2023.
             Was a High Priest of Hepliaklqana.
             Shot with a bolt by a minotaur (12 damage)
             ... in a Gauntlet.
             The game lasted 00:35:31 (15324 turns).

LeprechaunX the Grappler (Octopode Shapeshifter)   Turns: 15324, Time: 00:35:33

Health: -4/86      AC: 11    Str: 29    XL:     13   Next: 33%
Magic:  17/17      EV: 17    Int: 11    God:    Hepliaklqana [*****.]
Gold:   884        SH:  0    Dex: 19    Spells: 12/12 levels left

rFire   + .          .
                       - Unarmed
rCold   . . .        G - melded +0 tower shield
rNeg    + . .        (helmet currently unavailable)
rPois   +            (no amulet)
rElec   .            d - ring of poison resistance
rCorr   +            a - +6 ring of strength
SInv    +            w - ring of see invisible
Will    +....        y - +6 ring of dexterity
Stlth   ++           K - +5 ring of evasion
HPRegen 0.34/turn    M - ring of positive energy
MPRegen 0.15/turn    T - ring "Bumorph" {Will+ rCorr}
                     R - ring of protection from fire

%: no teleportation
@: snake-form
A: constrict, boosted hp, reduced essence, almost no armour, amphibious, 8
rings, large, (camouflage 1), (gelatinous body 1), (nimble swimmer 1),
(tentacles)
a: Begin Untransformation, Renounce Religion, Recall Ancestor, Ancestor
Identity, Transference, Idealise


You were in a Gauntlet.
You worshipped Hepliaklqana.
Hepliaklqana was extremely pleased with you.
You were an enormous anaconda.
You visited 2 branches of the dungeon, and saw 14 of its levels.
You also visited: Gauntlet.

You collected 884 gold pieces.

Inventory:

Hand Weapons
 A - the +8 whip "Snakebite" {venom, curare, rPois}
   (You found it on level 2 of the Lair of Beasts)

   rPois:     It protects you from poison.
Missiles
 s - 9 boomerangs (quivered)
 u - 3 throwing nets
Armour
 G - a +0 tower shield (melded)
Jewellery
 a - a +6 ring of strength (right tentacle)
 d - a ring of poison resistance (left tentacle)
 p - an amulet of magic regeneration
 v - a ring of fire
 w - a ring of see invisible (on tentacle)
 y - a +6 ring of dexterity (on tentacle)
 K - a +5 ring of evasion (on tentacle)
 M - a ring of positive energy (on tentacle)
 O - a ring of wizardry
 R - a ring of protection from fire (on tentacle)
 S - the amulet "Wocikh" {Reflect Harm SH+5}
   (You found it in a Gauntlet)

   [amulet of reflection]

   It reflects blocked missile attacks.
   SH:        It affects your SH (+5).
   Harm:      It increases damage dealt and taken.
 T - the ring "Bumorph" (on tentacle) {Will+ rCorr}
   (You found it in a Gauntlet)

   [ring of willpower]

   rCorr:     It protects you from acid and corrosion.
   Will:      It increases your willpower.
Talismans
 b - a beast talisman
 f - a serpent talisman (active)
Wands
 i - a wand of polymorph (7)
 t - a wand of charming (10)
 B - a wand of flame (12)
 I - a wand of light (1)
 N - a wand of mindburst (28)
 P - a wand of iceblast (7)
Scrolls
 e - 2 scrolls of enchant armour
 g - 8 scrolls of teleportation
 j - 7 scrolls of amnesia
 l - a scroll of torment {unknown}
 m - a scroll of brand weapon {unknown}
 n - 2 scrolls of poison
 q - 3 scrolls of immolation
 x - 2 scrolls of blinking
 C - a scroll of vulnerability {unknown}
 D - a scroll of acquirement {unknown}
 E - 3 scrolls of fear
 F - a scroll of silence {unknown}
 L - a scroll of enchant weapon {unknown}
Potions
 c - 3 potions of mutation
 h - 10 potions of curing
 k - 4 potions of heal wounds
 o - 2 potions of might
 r - 5 potions of resistance
 z - a potion of haste {unknown}
 H - 2 potions of attraction {unknown}
 J - 2 potions of brilliance {unknown}
 Q - a potion of invisibility {unknown}


   Skills:
 - Level 5.0 Fighting
 - Level 5.0 Dodging
 - Level 5.5 Shields
 + Level 14.0 Unarmed Combat
 + Level 6.1 Invocations
 + Level 12.4 Shapeshifting


You had 12 spell levels left.
You didn't know any spells.
Your spell library contained the following spells:

 Spells                   Type           Power      Damage    Failure   Level
 Foxfire                  Conj/Fire      0%         2x1d4     34%         1
 Magic Dart               Conj           0%         1d3       34%         1
 Necrotise                Necr           0%         1d4       34%         1
 Blink                    Tloc           0%         N/A       47%         2
 Poisonous Vapours        Pois/Air       0%         N/A       47%         2
 Searing Ray              Conj           0%         2d4       47%         2
 Hailstorm                Conj/Ice       0%         3d3       71%         3
 Ignite Poison            Fire/Tmut/Pois 0%         N/A       71%         3
 Mephitic Cloud           Conj/Pois/Air  0%         N/A       71%         3
 Vampiric Draining        Necr           0%         2d6       71%         3
 Cause Fear               Hex            0%         N/A       98%         4
 Fulminant Prism          Conj/Hex       0%         3d5       98%         4
 Leda's Liquefaction      Hex/Erth       0%         N/A       98%         4
 Manifold Assault         Tloc           0%         N/A       98%         4
 Sticky Flame             Conj/Fire      0%         2d3       98%         4
 Summon Ice Beast         Ice/Summ       0%         N/A       98%         4
 Agony                    Necr           0%         N/A       100%        5
 Alistair's Intoxication  Tmut/Pois      0%         N/A       100%        5
 Borgnjor's Vile Clutch   Necr/Erth      0%         N/A       100%        5
 Fireball                 Conj/Fire      0%         3d3       100%        5
 Freezing Cloud           Conj/Ice/Air   0%         6-21      100%        5
 Lee's Rapid Deconstruct  Erth           0%         3d4*      100%        5
 Eringya's Noxious Bog    Tmut/Pois      0%         4d6       100%        6
 Leda's Unmaking          Conj/Erth      0%         9d1       100%        6
 Plasma Beam              Fire/Air       0%         2x1d10    100%        6
 Simulacrum               Ice/Necr       0%         N/A       100%        6
 Starburst                Conj/Fire      0%         6d3       100%        6
 Ignition                 Fire           0%         3d3       100%        8
 Dragon's Call            Summ           0%         N/A       100%        9


Dungeon Overview and Level Annotations

Branches:
Dungeon (11/15)            Temple (0/1) D:7            Lair (3/5) D:10
  Swamp (0/4) Lair:2          Orc (0/2) D:9         Gauntlet (1/1)
  Snake: Lair:2-3    Spider: Lair:2-3

Altars:
Cheibriados
Gozag
Hepliaklqana
Nemelex Xobeh
Vehumet
Yredelemnul

Shops:
D:7 [=(*[

Annotations:
D:2 Natasha
D:6 1 runed translucent door, Crazy Yiuf
D:8 3 runed translucent doors
D:10 exclusion: orange crystal statue Gauntlet 10 transporters, exclusion: 2 lightning spires


Innate Abilities, Weirdness & Mutations

You are an enormous anaconda.
You have a powerful constriction melee attack.
Your maximum health is increased.
Your armour is entirely melded.
You are incapable of wielding weapons or throwing items.
Your life essence is reduced to manifest your ancestor. (-10% HP)
You cannot wear most types of armour.
You are amphibious.
You can wear up to eight rings at the same time.
((Your skin changes colour to match your surroundings (Stealth+).))
((Your rubbery body absorbs attacks. (AC +1, EV +1)))
((You are camouflaged when in or above water. (Stealth+)))
((You have tentacles for arms and can constrict up to eight enemies at once.))


Message History

T - the ring "Bumorph" (on tentacle) {Will+ rCorr} You swap places.
There is a transporter here.
You enter the transporter and appear at another place.
You swap places.
The balrug shouts!
You hear a bark!
You open the door.
A minotaur comes into view.
It is wielding a +2 arbalest of flaming.
The minotaur bellows!
Found four items.
You close the door.
A minotaur breaks down the door.
You swap places.
Found a gate leading back out of this place.
The minotaur unwields a +2 arbalest of flaming.
It stops flaming.
The minotaur hits you! The minotaur gores you.
There is a broken door, spattered with blood here.
You hit the minotaur. You grab the minotaur.
The minotaur is lightly wounded.
You constrict the minotaur, but do no damage.
The minotaur hits you but does no damage.
The minotaur gores you but does no damage.
Unknown command.
You body-slam the minotaur!!
The minotaur is moderately wounded.
You constrict the minotaur, but do no damage.
You lash the minotaur!
The minotaur is heavily wounded.
You constrict the minotaur, but do no damage.
The minotaur hits you!! The minotaur misses you.
You body-slam the minotaur!!
The minotaur is severely wounded.
You constrict the minotaur, but do no damage.
The minotaur hits you! The minotaur gores you!
You release your grip on the minotaur.
The minotaur attacks as you move away! The minotaur hits you!!
* * * LOW HITPOINT WARNING * * *
The minotaur barely misses you.
The minotaur wields a +2 arbalest of flaming.
It bursts into flame!
The minotaur shoots a bolt.
The bolt hits you!
You die...

#8∩8# #[./# #8.8# ####!.?# ##
###8.#8.8#.8### #....#...#....#
#.#..#8H8#..#.# #.#..##'##..#.#
#.....SR......# #.#.##.#.##.#.#
#.#....#....#.#
###R#.#######.#.###
#≈...............§# ###
#8.8.8.8.8.8.8.8.8# ### #8#
#≈...............≈# #8#
##########.#########.##########
#§.......#.#..≈∩≈..#.#.......≈#


You could see the friendly Tlalli the hexer and a minotaur (ally target).

Vanquished Creatures
  An eleionoma (Lair:2)
  2 hydras
  A catoblepas (Lair:2)
  2 boulder beetles
  A two-headed ogre (D:11)
  A fire crab (Gauntlet)
  A skeletal warrior (D:10)
  An obsidian statue (Gauntlet)
  Pikel (D:6)
  A cyclops (D:11)
  5 black mambas
  Maurice (D:8)
  A torpor snail (Lair:1)
  4 komodo dragons
  2 rime drakes
  7 cane toads
  2 kobold demonologists (D:9)
  An efreet (Gauntlet)
  3 trolls (D:10)
  A hornet (D:9)
  3 blink frogs (Lair:3)
  6 yaks
  4 wyverns
  2 fire elementals (Gauntlet)
  A fire bat (Gauntlet)
  2 basilisks (Lair:2)
  2 steam dragons
  An acid dragon (D:11)
  Duvessa (D:6)
  14 water moccasins
  A hell hound (Gauntlet)
  A swamp drake (D:9)
  A black bear (D:6)
  An ice beast (D:5)
  7 orc warriors
  A sky beast (D:8)
  5 centaurs
  2 wolves (D:10)
  2 phantoms (D:7)
  A lemure (D:6)
  9 kobold brigands
  7 bullfrogs
  A gnoll sergeant (D:9)
  4 scorpions
  Dowan (D:6)
  8 killer bees
  7 howler monkeys
  An electric eel (D:10)
  A lava snake (D:7)
  4 hounds
  5 orc priests
  3 jellies
  Terence (D:2)
  An iguana (D:6)
  7 orc wizards
  Natasha (D:2)
  2 sleepcaps (D:6)
  4 hell rats (Lair:1)
  Robin (D:2)
  4 gnolls (D:4)
  5 river rats (Lair:1)
  10 adders
  2 shadow imps (D:4)
  3 white imps
  2 ufetubi
  2 worms
  5 dart slugs
  31 orcs
  5 ball pythons
  6 endoplasms
  4 giant cockroaches
  16 goblins
  9 hobgoblins
  4 jackals (D:1)
  12 kobolds
  A quokka (D:4)
  6 bats
  4 frilled lizards
  9 rats
305 creatures vanquished.

Vanquished Creatures (collateral kills)
  2 skeletal warriors (D:10)
  Joseph (D:8)
  A cane toad (Lair:2)
  A kobold demonologist (D:11)
  4 blink frogs (Lair:3)
  3 yaks (D:9)
  A fire bat (Gauntlet)
  2 orc warriors
  A wolf (D:10)
  A kobold brigand (D:11)
  A bullfrog (Lair:1)
  A killer bee (D:11)
  2 orc priests
  A hound (D:10)
  A hell rat (Lair:1)
  An orc wizard (D:9)
  3 river rats (Lair:1)
  A shadow imp (D:4)
  8 orcs
  2 kobolds
38 creatures vanquished.

Vanquished Creatures (others)
  8 hexers
  An ancestor (D:4)
9 creatures vanquished.

Grand Total: 352 creatures vanquished

Notes
Turn   | Place    | Note
-------+----------+-------------------------------------------
     0 | D:1      | LeprechaunX the Octopode Shapeshifter began the quest for
                  | the Orb.
     0 | D:1      | Reached XP level 1. HP: 13/13 MP: 1/1
    99 | D:1      | Reached XP level 2. HP: 18/18 MP: 2/2
   620 | D:2      | Reached XP level 3. HP: 23/23 MP: 3/3
   645 | D:2      | Noticed Robin
   670 | D:2      | Killed Robin
   677 | D:2      | Reached XP level 4. HP: 20/29 MP: 4/4
   896 | D:2      | Noticed Terence
   898 | D:2      | Killed Terence
   899 | D:2      | Reached skill level 1 in Shields
   899 | D:2      | Reached skill level 4 in Unarmed Combat
   947 | D:2      | Noticed Natasha
   952 | D:2      | Killed Natasha
   953 | D:2      | Reached XP level 5. HP: 31/34 MP: 5/5
  1307 | D:2      | Noticed Natasha
  1681 | D:3      | You fall into a shaft and drop 3 floors!
  1705 | D:6      | Reached XP level 6. HP: 41/41 MP: 6/6
  2010 | D:6      | Noticed Pikel
  2087 | D:6      | Killed Pikel
  2088 | D:6      | Reached skill level 5 in Unarmed Combat
  2088 | D:6      | Reached XP level 7. HP: 10/46 MP: 7/7
  2231 | D:6      | Noticed Dowan
  2231 | D:6      | Noticed Duvessa
  2271 | D:6      | Killed Duvessa
  2272 | D:6      | Reached skill level 6 in Unarmed Combat
  2272 | D:6      | Reached XP level 8. HP: 12/53 MP: 8/8
  2298 | D:6      | Killed Dowan
  2554 | D:6      | Found a runed translucent door.
  2555 | D:6      | Noticed Crazy Yiuf
  2607 | D:5      | Entered Level 5 of the Dungeon
  2905 | D:5      | Found a faded altar of an unknown god.
  2908 | D:5      | Found a hazy altar of Hepliaklqana.
  2915 | D:5      | Became a worshipper of Hepliaklqana the Forgotten
  3144 | D:4      | Found a transporter.
  3185 | D:4      | Found a transporter.
  3284 | D:4      | Reached * piety under Hepliaklqana
  4442 | D:4      | Reached ** piety under Hepliaklqana
  4532 | D:4      | Remembered your ancestor Tlalli as a hexer
  4700 | D:4      | Reached skill level 7 in Unarmed Combat
  4973 | D:5      | Identified the +9 falchion of Corporal Punishment {holy,
                  | Int+2 Dex+2 Stlth+}
  5267 | D:6      | Reached XP level 9. HP: 53/53 MP: 9/9
  5583 | D:7      | Found Teanela's Assorted Antiques.
  5588 | D:7      | Reached skill level 5 in Dodging
  5591 | D:7      | Reached skill level 5 in Shapeshifting
  5596 | D:7      | Found Nouwuts's Armour Boutique.
  5596 | D:7      | Found Agrim's Antique Weapon Boutique.
  5597 | D:7      | Found Fovunuku's Jewellery Boutique.
  5728 | D:7      | Reached skill level 5 in Fighting
  5881 | D:7      | Found a staircase to the Ecumenical Temple.
  6069 | D:7      | Found Qustupito's Armour Shop.
  6122 | D:7      | Found a faded altar of an unknown god.
  6122 | D:7      | Found a basalt altar of Yredelemnul.
  6130 | D:7      | Found an opulent altar of Gozag.
  6132 | D:7      | Found a sparkling altar of Nemelex Xobeh.
  6134 | D:7      | Found a radiant altar of Vehumet.
  6289 | D:7      | Found a snail-covered altar of Cheibriados.
  6490 | D:7      | Reached skill level 5 in Shields
  6689 | D:8      | Reached skill level 8 in Unarmed Combat
  6770 | D:8      | Reached *** piety under Hepliaklqana
  7116 | D:8      | Noticed Joseph
  7128 | D:8      | Killed Joseph
  7129 | D:8      | Reached XP level 10. HP: 12/59 MP: 10/10
  7318 | D:8      | Noticed Maurice
  7328 | D:8      | Killed Maurice
  7407 | D:8      | Found a runed translucent gate.
  7407 | D:8      | Found a runed translucent gate.
  7407 | D:8      | Found a runed translucent gate.
  7407 | D:8      | Noticed a cyan ugly thing
  7407 | D:8      | Noticed a cyan ugly thing
  7408 | D:8      | Noticed a red ugly thing
  7408 | D:8      | Noticed a cyan ugly thing
  7408 | D:8      | Noticed a glowing orange brain
  8032 | D:9      | Reached skill level 9 in Unarmed Combat
  8277 | D:9      | Noticed a kobold demonologist
  8282 | D:9      | Noticed a kobold demonologist
  8287 | D:9      | Killed a kobold demonologist
  8292 | D:9      | Killed a kobold demonologist
  8452 | D:9      | Reached skill level 10 in Unarmed Combat
  8485 | D:9      | Reached XP level 11. HP: 40/63 MP: 11/11
  8664 | D:9      | Found a staircase to the Orcish Mines.
  9059 | D:10     | Entered Level 10 of the Dungeon
  9097 | D:10     | Found a staircase to the Lair.
  9169 | D:10     | Noticed a skeletal warrior
  9267 | D:10     | Killed a skeletal warrior
  9436 | D:10     | Noticed a skeletal warrior
  9495 | D:10     | Killed a skeletal warrior
  9560 | D:10     | Reached **** piety under Hepliaklqana
  9719 | D:10     | Noticed a skeletal warrior
  9803 | D:10     | Killed a skeletal warrior
  9804 | D:10     | Reached skill level 11 in Unarmed Combat
  9804 | D:10     | Reached skill level 10 in Shapeshifting
  9834 | D:10     | Noticed an orange crystal statue
 10516 | D:11     | Noticed a two-headed ogre
 10521 | D:11     | Killed a two-headed ogre
 10817 | D:11     | Noticed a boulder beetle
 10828 | D:11     | Killed a boulder beetle
 11329 | D:11     | Noticed a cyclops
 11337 | D:11     | Killed a cyclops
 11480 | Lair:1   | Entered Level 1 of the Lair of Beasts
 11500 | Lair:1   | Reached XP level 12. HP: 34/69 MP: 12/12
 11608 | Lair:1   | Noticed an eight-headed hydra
 11752 | Lair:1   | Killed an eight-headed hydra
 11753 | Lair:1   | Reached skill level 12 in Unarmed Combat
 12165 | Lair:1   | Reached ***** piety under Hepliaklqana
 12754 | Lair:1   | Reached skill level 1 in Invocations
 12914 | Lair:2   | Reached skill level 13 in Unarmed Combat
 13144 | Lair:2   | Found a staircase to the Swamp.
 13144 | Lair:2   | Noticed an eleionoma
 13157 | Lair:2   | Killed an eleionoma
 13260 | Lair:2   | Noticed a catoblepas
 13582 | Lair:2   | Noticed a boulder beetle
 13604 | Lair:2   | Killed a boulder beetle
 13725 | Lair:2   | Found the +8 whip "Snakebite" {venom, curare, rPois}
 13858 | Lair:2   | Killed a catoblepas
 13982 | Lair:2   | Reached XP level 13. HP: 72/72 MP: 16/16
 14158 | Lair:3   | Reached skill level 5 in Invocations
 14554 | Lair:3   | Found a gate leading to a gauntlet.
 14565 | Gauntlet | Entered a Gauntlet
 14565 | Gauntlet | Found a transporter.
 14565 | Gauntlet | Found a transporter.
 14582 | Gauntlet | Found a transporter.
 14597 | Gauntlet | Found a transporter.
 14612 | Gauntlet | Found a transporter.
 14625 | Gauntlet | Found a transporter.
 14630 | Gauntlet | Noticed a balrug
 14641 | Gauntlet | Found a transporter.
 14681 | Gauntlet | Noticed a blizzard demon
 14707 | Gauntlet | Found a transporter.
 14722 | Gauntlet | Found a transporter.
 14748 | Gauntlet | Found a transporter.
 14751 | Gauntlet | Found a transporter.
 14770 | Gauntlet | Found a transporter.
 14849 | Gauntlet | Found a transporter.
 14849 | Gauntlet | Found a transporter.
 14860 | Gauntlet | Found a transporter.
 14861 | Gauntlet | Found a transporter.
 15187 | Gauntlet | Identified the amulet "Wocikh" {Reflect Harm SH+5}
 15252 | Gauntlet | Reached skill level 14 in Unarmed Combat
 15277 | Gauntlet | Identified the ring "Bumorph" {Will+ rCorr}
 15317 | Gauntlet | Noticed a minotaur
 15324 | Gauntlet | Shot with a bolt by a minotaur

Illustrated notes

Levels and vault maps discovered:
D:1:      heliophobic_arrival_enchanted_forest, layout_loops_cross
D:2:      layout_loops_ring, serial_forest, infiniplex_forest_clump_diagonal,
          infiniplex_forest_clump_medium, infiniplex_forest_straight_3,
          infiniplex_forest_lined_1, nicolae_concentric_dashed_squares_wild,
          nicolae_the_louvre, uniq_natasha, uniq_terence, uniq_robin
D:3:      layout_loops_ring
D:4:      gammafunk_wand_slinger, layout_loops_corners
D:5:      layout_cave_pools, beargit_hepliaklqana_dungeon_heroes,
          kennysheep_generic_room_5
D:6:      layout_basic, uniq_pikel, uniq_duvessa, uniq_crazy_yiuf_cottage
D:7:      layout_loops_ring, kennysheep_slug_shrine,
          chequers_temple_overflow_minitemple, minmay_temple_entry_junction,
          serial_shops, nicolae_shop_tiny_glass, minmay_shop_grid_forest,
          kennysheep_dice
D:8:      layout_basic, ploomutoo_gammafunk_ghost_potion_laboratory,
          uniq_joseph, uniq_maurice
D:9:      layout_loops_cross, erik_orc_1, sword_in_stone
D:10:     layout_rooms, erik_lair_island, hex_large, minmay_statue_bubble
D:11:     layout_stronghold, hangedman_decor_push
Lair:1:   layout_chaotic_city, kennysheep_abandoned_house, grunt_megastairs_2
Lair:2:   minmay_guarded_unrand_snakebite, layout_long_grid,
          alex1729_swamp_entry_worm_eleionoma, infiniplex_staircase_pool
Lair:3:   layout_layer_cave, dummy_spider_entry, gauntlet_entry_generic,
          minivault_27
Gauntlet: gammafunk_gauntlet_branching [gammafunk_gauntlet_arena_hedges,
          nicolae_gauntlet_arena_quarters, gammafunk_gauntlet_arena_spirals,
          gammafunk_gauntlet_arena_teeth, nicolae_gauntlet_arena_flowing_pool,
          nicolae_gauntlet_arena_t_cross, gammafunk_gauntlet_arena_arrow_garden,
          gammafunk_gauntlet_arena_split_diamond,
          nicolae_gauntlet_exit_dead_adventurers]

Skill      XL: |  1  2  3  4  5  6  7  8  9 10 11 12 13 |
---------------+----------------------------------------+-----
Fighting       | 2 3 4 5 |  5.0
Shields        | 1 2 3 4 5 |  5.5
Unarmed Combat | 4 5 6 7 8 10 11 13 14 | 14.0
Dodging        | 3 4 5 |  5.0
Shapeshifting  | 4 7 9 10 12 | 12.4
Invocations    | 4 6 |  6.1

Action                     |  1- 3 |  4- 6 |  7- 9 | 10-12 | 13-15 || total
---------------------------+-------+-------+-------+-------+-------++-------
  Melee: Unarmed           |    64 |    91 |   156 |   334 |    74 ||   719
         Tentacles         |     9 |    18 |    41 |    24 |       ||    92
         Constrict         |    17 |    20 |    42 |    87 |    13 ||   179
         Punch             |     3 |     3 |    10 |     7 |       ||    23
  Throw: Boomerang         |       |       |    10 |    61 |       ||    71
         Throwing net      |       |       |     1 |       |       ||     1
 Invoke: Recall Ancestor   |       |       |     1 |       |       ||     1
         Ancestor Life: He |       |       |     1 |       |       ||     1
  Evoke: Wand              |       |       |       |    11 |       ||    11
    Use: Potion            |       |       |     1 |       |       ||     1
         Scroll            |       |       |     5 |     6 |       ||    11
   Stab: Sleeping          |     5 |     5 |     5 |       |       ||    15
         Confused          |       |       |     6 |     8 |     1 ||    15
         Distracted        |       |       |     1 |     8 |     1 ||    10
 Armour: Skin              |    13 |     5 |     9 |    32 |    26 ||    85
  Dodge: Dodged            |    29 |    44 |    47 |   155 |    62 ||   337
  Block: Kite shield       |    20 |    19 |    49 |       |       ||    88
         Tower shield      |       |       |     5 |    60 |       ||    65
   Form: Anaconda          |       |       |       |     3 |       ||     3
         Beast             |       |       |       |     2 |       ||     2

Table legend: (Time is in decaauts)
 A = Elapsed time spent in this place.
 B = Non-inter-level travel time spent in this place.
 C = Inter-level travel time spent in this place.
 D = Time resting spent in this place.
 E = Time spent auto-exploring this place.
 F = Levels seen in this place.
 G = Mean time per level.
                   A        B        C        D        E       F      G
               +--------+--------+--------+--------+--------+-----+--------+
         Total |  15304 |  14783 |    521 |   2293 |   9412 |  15 | 1020.3 |
       Dungeon |  11512 |  11014 |    498 |   1078 |   8068 |  11 | 1046.5 |
          Lair |   3043 |   3020 |     23 |   1063 |   1187 |   3 | 1014.3 |
      Gauntlet |    748 |    748 |      0 |    152 |    157 |   1 |  748.0 |
               +--------+--------+--------+--------+--------+-----+--------+

Top non-repeatable levels by time:
  Lair:1: 1583 daAuts
     D:6: 1398 daAuts
     D:9: 1235 daAuts
    D:11: 1234 daAuts
    D:10: 1206 daAuts
     D:8: 1169 daAuts
     D:4: 1168 daAuts
  Lair:2: 1150 daAuts
     D:7: 1088 daAuts
     D:2: 904 daAuts
     D:3: 751 daAuts
Gauntlet: 748 daAuts
     D:5: 742 daAuts
     D:1: 612 daAuts
  Lair:3: 309 daAuts
